2657 views
Uploaded 2019-12-04 22:08:54
Game version 1.32.0.3 / 1.32.0.3.1
6:00 long 2on2 ladder game on (6)GnollWood
Saved by BEARAND
2657 views
Uploaded 2019-12-04 22:08:54
Game version 1.32.0.3 / 1.32.0.3.1
6:00 long 2on2 ladder game on (6)GnollWood


28 units @ 2.1k
/ 0k
28 buildings @ 2.8k
/ 1.2k

| Healing Salve | 1 | 100 |
| Lesser Clarity Potion | 2 | 140 |
| Staff of Teleportation | 1 | 150 |
| Boots of Speed | 1 | 250 |
| total: | 5 | 640g |
| Peon | 14 | 1050 | / | 0 |
| total: | 14 | 1050g | / | 0w |
| Watch Tower | 10 | 1100 | / | 800 |
| Altar of Storms | 1 | 180 | / | 50 |
| Orc Burrow | 2 | 320 | / | 80 |
| War Mill | 1 | 205 | / | 0 |
| Voodoo Lounge | 1 | 130 | / | 30 |
| Stronghold | 1 | 315 | / | 190 |
| total: | 15 | 1935g | / | 960w |
| 0:03 | Peon |
| 0:03 | Peon |
| 0:06 | Altar of Storms |
| 0:12 | Orc Burrow |
| 0:22 | Peon |
| 0:33 | Peon |
| 0:44 | War Mill |
| 0:46 | Peon |
| 1:01 | Voodoo Lounge |
| 1:12 | Peon |
| 1:17 | Peon |
| 1:38 | Orc Burrow |
| 1:48 | Peon |
| 1:48 | Peon |
| 1:57 | Peon |
| 2:22 | Healing Salve |
| 2:22 | Lesser Clarity Potion |
| 2:22 | Lesser Clarity Potion |
| 2:25 | Wind Walk |
| 2:29 | Peon |
| 2:38 | Watch Tower |
| 2:48 | Watch Tower |
| 3:21 | Peon |
| 3:21 | Peon |
| 3:41 | Staff of Teleportation |
| 3:41 | Boots of Speed |
| 3:45 | Watch Tower |
| 3:54 | Peon |
| 4:21 | Stronghold |
| 4:46 | Watch Tower |
| 4:46 | Watch Tower |
| 5:15 | Spiked Barricades |
| 5:18 | Watch Tower |
| 5:18 | Watch Tower |
| 5:42 | Watch Tower |
| 5:42 | Watch Tower |
| 5:43 | Watch Tower |
| Right click | 348 |
| Select group | 276 |
| Chat | 100 |
| Select | 43 |
| Build/train/purchase | 37 |
| Assign group | 5 |
| Use ability | 5 |
| Minimap ping | 4 |
| Esc | 3 |
| Item give/drop | 1 |

| Boots of Speed | 1 | 250 |
| Staff of Teleportation | 1 | 150 |
| Healing Salve | 1 | 100 |
| total: | 3 | 500g |
| Peasant | 14 | 1050 | / | 0 |
| total: | 14 | 1050g | / | 0w |
| Scout Tower | 8 | 240 | / | 160 |
| Arcane Tower | 1 | 70 | / | 50 |
| Guard Tower | 5 | 350 | / | 250 |
| Altar of Kings | 1 | 180 | / | 50 |
| Farm | 2 | 160 | / | 40 |
| Lumber Mill | 1 | 120 | / | 0 |
| Arcane Vault | 1 | 130 | / | 30 |
| Keep | 1 | 320 | / | 210 |
| total: | 13 | 830g | / | 280w |
| 0:02 | Peasant |
| 0:02 | Peasant |
| 0:07 | Altar of Kings |
| 0:15 | Peasant |
| 0:18 | Farm |
| 0:30 | Peasant |
| 0:34 | Peasant |
| 0:34 | Peasant |
| 0:40 | Farm |
| 0:49 | Lumber Mill |
| 0:58 | Scout Tower |
| 1:02 | Peasant |
| 1:07 | Peasant |
| 1:17 | Scout Tower |
| 1:20 | Peasant |
| 1:28 | Scout Tower |
| 1:37 | Arcane Tower |
| 1:43 | Peasant |
| 1:49 | Scout Tower |
| 1:50 | Peasant |
| 2:05 | Peasant |
| 2:06 | Summon Water Elemental |
| 2:15 | Guard Tower |
| 2:27 | Peasant |
| 2:28 | Peasant |
| 2:44 | Guard Tower |
| 2:46 | Scout Tower |
| 2:46 | Scout Tower |
| 3:28 | Keep |
| 3:37 | Brilliance Aura |
| 3:42 | Guard Tower |
| 3:50 | Boots of Speed |
| 3:50 | Staff of Teleportation |
| 5:28 | Guard Tower |
| 5:29 | Scout Tower |
| 5:30 | Scout Tower |
| 5:38 | Arcane Vault |
| 5:42 | Improved Masonry |
| 5:50 | Healing Salve |
| 5:57 | Guard Tower |
| Right click | 420 |
| Select group | 134 |
| Select | 117 |
| Build/train/purchase | 53 |
| Chat | 41 |
| Assign group | 14 |
| Misc. action | 11 |
| Use ability | 6 |
| Minimap ping | 2 |
25 units @ 3k
/ 0k
14 buildings @ 2.4k
/ 0.6k

| Healing Salve | 1 | 100 |
| Lesser Clarity Potion | 1 | 70 |
| Scroll of Speed | 1 | 50 |
| total: | 3 | 220g |
| Peon | 4 | 300 | / | 0 |
| Grunt | 4 | 800 | / | 0 |
| total: | 8 | 1100g | / | 0w |
| Altar of Storms | 1 | 180 | / | 50 |
| Orc Burrow | 3 | 480 | / | 120 |
| Barracks | 2 | 360 | / | 100 |
| Voodoo Lounge | 1 | 130 | / | 30 |
| Stronghold | 1 | 315 | / | 190 |
| total: | 7 | 1150g | / | 300w |
| 0:03 | Altar of Storms |
| 0:04 | Peon |
| 0:04 | Peon |
| 0:09 | Orc Burrow |
| 0:19 | Peon |
| 0:37 | Barracks |
| 0:40 | Barracks |
| 0:51 | Peon |
| 1:25 | Orc Burrow |
| 1:41 | Grunt |
| 1:42 | Grunt |
| 1:42 | Grunt |
| 2:07 | Feral Spirit |
| 2:19 | Voodoo Lounge |
| 2:44 | Grunt |
| 3:43 | Stronghold |
| 3:49 | Orc Burrow |
| 4:28 | Healing Salve |
| 4:29 | Lesser Clarity Potion |
| 4:29 | Scroll of Speed |
| Select group | 214 |
| Right click | 169 |
| Select | 65 |
| Chat | 29 |
| Build/train/purchase | 17 |
| Assign group | 6 |
| Misc. action | 5 |
| Use ability | 1 |

| Acolyte | 4 | 300 | / | 0 |
| Ghoul | 13 | 1560 | / | 0 |
| total: | 17 | 1860g | / | 0w |
| Nerubian Tower | 1 | 100 | / | 20 |
| Crypt | 2 | 400 | / | 100 |
| Altar of Darkness | 1 | 180 | / | 50 |
| Ziggurat | 3 | 450 | / | 150 |
| Graveyard | 1 | 215 | / | 0 |
| Halls of the Dead | 1 | 320 | / | 210 |
| total: | 7 | 1245g | / | 300w |
| 0:07 | Acolyte |
| 0:46 | Crypt |
| 1:26 | Crypt |
| 1:30 | Altar of Darkness |
| 1:34 | Ziggurat |
| 1:38 | Acolyte |
| 1:44 | Ziggurat |
| 1:49 | Ghoul |
| 2:25 | Ghoul |
| 2:25 | Ghoul |
| 2:34 | Ghoul |
| 2:56 | Ghoul |
| 2:58 | Ghoul |
| 3:05 | Graveyard |
| 3:09 | Cannibalize |
| 3:15 | Ghoul |
| 3:17 | Ghoul |
| 3:33 | Ghoul |
| 3:42 | Ziggurat |
| 4:14 | Sleep |
| 4:27 | Ghoul |
| 4:29 | Halls of the Dead |
| 4:58 | Ghoul |
| 4:59 | Ghoul |
| 5:07 | Nerubian Tower |
| 5:42 | Acolyte |
| 5:42 | Acolyte |
| 5:46 | Ghoul |
| Right click | 86 |
| Select | 62 |
| Chat | 34 |
| Build/train/purchase | 24 |
| Use ability | 1 |
| Remove unit | 1 |
| Minimap ping | 1 |